 Dungeon Sprint DCSS version 0.17-a0-1719-g1afd5a1 (webtiles) character file.

10829 Kidiri the Unseen (level 11, -12/47 HPs)
             Began as a Spriggan Enchanter on Aug 27, 2015.
             Was the Champion of Dithmenos.
             Hit by a large rock thrown by Polyphemus (47 damage)
             ... in the Dungeon (Sprint III: "The Ten Rune Challenge").
             The game lasted 00:10:43 (2256 turns).

Kidiri the Unseen (Spriggan Enchanter)              Turns: 2256, Time: 00:10:43

Health: -12/47     AC:  5    Str:  6    XL:     11   Next: 41%
Magic:  16/30      EV: 33    Int: 18    God:    Dithmenos [******]
Gold:   9          SH:  0    Dex: 19    Spells: 8 memorised, 4 levels left

rFire  + + .     SeeInvis +     a - +1 dagger
rCold  + . .     Clarity  .     o - +0 robe {rC+ rF+}
rNeg   . . .     SustAt   .     (shield restricted)
rPois  .         Gourm    .     (helmet restricted)
rElec  .         Spirit   .     n - +2 cloak
rCorr  .         Warding  .     (gloves unavailable)
rMut   .         NoTele   +     (boots unavailable)
MR     +....                    (no amulet)
Stlth  ++++++++++               (no ring)
                                (no ring)

@: wreathed by umbra, very quick, somewhat resistant to hostile enchantments,
uncannily stealthy
A: unfitting armour, see invisible, fire resistance 1, herbivore 3, speed 3,
sense surroundings 1, slow metabolism 2, strong 1, wild magic 1
a: Shadow Step, Shadow Form, Renounce Religion


You were in the Dungeon.
You worshipped Dithmenos.
Dithmenos was exalted by your worship.
You were not hungry.

You visited 1 branch You collected 9 gold pieces.

Inventory:

Hand weapons
 a - a +1 dagger (weapon)
Missiles
 p - 8 throwing nets (quivered)
Armour
 k - a +1 robe of positive energy
 n - a +2 cloak (worn)
 o - a +0 robe of resistance (worn)
Magical devices
 c - a wand of magic darts (20)
Scrolls
 j - a scroll of blinking
Potions
 e - 2 potions of curing
 f - 3 potions of heal wounds
 g - a potion of haste
 h - 2 potions of magic
 i - a potion of berserk rage
 l - a potion of lignification {unknown}
 s - 3 potions of flight
 v - 2 potions of invisibility {unknown}
Books
 m - an Akashic Record

   Spells                             Type                      Level
   a - Dispersal                      Translocation                6
   b - Controlled Blink               Translocation                7
   c - Malign Gateway                 Summoning/Translocation      7
   d - Disjunction                    Translocation                8
Comestibles
 b - 25 royal jellies
 d - a bread ration
 u - 8 fruits


   Skills:
 + Level 9.8 Short Blades
 * Level 16.7 Dodging
 * Level 18.1 Stealth
 * Level 14.3 Spellcasting
 + Level 6.4 Conjurations
 + Level 10.8 Hexes
 + Level 4.3 Summonings
 + Level 8.4 Translocations
 + Level 7.4 Ice Magic
 - Level 4.7 Invocations


You had 4 spell levels left.
You knew the following spells:

 Your Spells              Type           Power        Failure   Level  Hunger
a - Corona                Hex            ######.      1%          1    None
b - Ensorcelled Hibernat  Hex/Ice        ######       1%          2    None
c - Confuse               Hex            ######..     1%          3    None
d - Tukima's Dance        Hex            ######..     1%          3    None
e - Dazzling Spray        Conj/Hex       ######..     2%          3    None
f - Controlled Blink      Tloc           N/A          98%         7    #######
g - Malign Gateway        Summ/Tloc      ######....   100%        7    #######
h - Disjunction           Tloc           ######....   100%        8    #######


Dungeon Overview and Level Annotations

Branches:
Dungeon (1/1)

Altars:
Cheibriados
Dithmenos
Elyvilon
Fedhas
Gozag
Kikubaaqudgha
Makhleb
Nemelex Xobeh
Okawaru
Qazlal
Ru
Sif Muna
Trog
Vehumet
Xom
Yredelemnul
Zin
The Shining One
Jiyva
Lugonu

Annotations:
D Ilsuiw, Polyphemus


Innate Abilities, Weirdness & Mutations

You are tiny and cannot use many weapons and most armour.
You have supernaturally acute eyesight.
You are a herbivore.
You cover ground extremely quickly.
You need consume almost no food.
Your flesh is heat resistant.
You passively map a small area around you.
Your muscles are strong. (Str +2)
Your spells are a little harder to cast, but a little more powerful.


Message History

Your shadow mimicks your spell!
The shadow shard hits Polyphemus.
Polyphemus throws a large rock.
The large rock barely misses you.
Casting: Dazzling Spray
Confirm with . or Enter, or press ? or * to list all spells.
Aiming: Dazzling Spray
Press: ? - help, Shift-Dir - straight line, f/p - Polyphemus
Aim: Polyphemus (lightly wounded, umbra)
The spray of energy hits Polyphemus.
Polyphemus is lightly wounded.
Polyphemus throws a large rock.
The large rock completely misses you.
Casting: Dazzling Spray
Confirm with . or Enter, or press ? or * to list all spells.
Aiming: Ensorcelled Hibernation
Press: ? - help, Shift-Dir - straight line, f/p - Polyphemus
Aim: Polyphemus (lightly wounded, umbra, chance to defeat MR: 37%) Polyphemus easily resists.
Polyphemus throws a large rock.
The large rock hits you!!!
Ouch! That really hurt!
You die...

#..♣♣ ♣♣♣##+####
###'♣♣♣♣♣♣♣♣♣♣♣♣♣♣♣ *
♣♣♣♣%##..##≈≈≈≈≈≈..# ,,
* ♣%..##.##.#≈≈≈≈≈...#
,* * *
♣♣.##.##.##'≈≈≈≈§####+#
,
♣..#%##..%#≈≈.§§§§§§§#,
, *
♣♣.##.##.)#≈..+#######
, ,, ,
♣♣.##.#####..(#....))#,
♣%....##...@..#♣♣♣._)#,
, *
########C#############
* * * ▓YY≈≈≈≈≈≈≈≈≈ , ,*
▓≈§YC≈≈≈≈≈≈≈ * * **
▓≈≈≈.Y≈≈≈≈≈. * ,, * ,
▓≈≈....≈≈≈.. , *
▓≈≈≈..≈≈≈≈≈. * , *
▓≈≈≈≈≈≈≈≈≈≈. * *
▓≈≈≈≈≈≈≈≈≈≈≈, *


You could see Polyphemus.

Vanquished Creatures
  Maud (D)
  Erolcha (D)
  2 hydras (D)
  A death drake (D)
  A spriggan druid (D)
  A lindwurm (D)
  2 spiny frogs (D)
  A komodo dragon (D)
  A queen bee (D)
  3 wandering mushrooms (D)
  A deep elf priest (D)
  2 trapdoor spiders (D)
  4 redbacks (D)
  A shadow (D)
  2 spriggans (D)
  A spatial vortex (D)
  2 hill giants (D)
  A necrophage (D)
  3 two-headed ogres (D)
  2 brain worms (D)
  A water elemental (D)
  An electric eel (D)
  32 killer bees (D)
  A jelly (D)
  Crazy Yiuf (D)
  Jessica (D)
  A necromancer (D)
  A wizard (D)
  3 humans (D)
  A kobold demonologist (D)
  2 oozes (D)
78 creatures vanquished.

Vanquished Creatures (others)
  2 draconian scorchers (D)
  A hydra (D)
  2 fire drakes (D)
  3 yaktaurs (D)
  7 plants (D)
15 creatures vanquished.

Grand Total: 93 creatures vanquished

Notes
Turn   | Place    | Note
--------------------------------------------------------------
     0 | D        | Kidiri the Spriggan Enchanter began the quest for the Orb.
     0 | D        | Reached XP level 1. HP: 9/9 MP: 5/5
     4 | D        | Reached skill level 5 in Stealth
     8 | D        | Reached XP level 2. HP: 13/13 MP: 5/7
    12 | D        | Learned a level 2 spell: Ensorcelled Hibernation
    31 | D        | Noticed Jessica
    34 | D        | Killed Jessica
    34 | D        | Reached skill level 5 in Dodging
    34 | D        | Reached skill level 6 in Stealth
    34 | D        | Reached skill level 1 in Ice Magic
    34 | D        | Reached XP level 3. HP: 16/16 MP: 7/9
    82 | D        | Reached skill level 7 in Stealth
    88 | D        | Learned a level 3 spell: Confuse
    92 | D        | Learned a level 3 spell: Tukima's Dance
   117 | D        | Noticed Crazy Yiuf
   124 | D        | Killed Crazy Yiuf
   124 | D        | Reached skill level 5 in Spellcasting
   124 | D        | Reached XP level 4. HP: 21/21 MP: 12/12
   133 | D        | Killed a fire drake
   138 | D        | Learned a level 3 spell: Dazzling Spray
   160 | D        | Gained mutation: You passively map a small area around you. [potion of mutation]
   160 | D        | Gained mutation: Your muscles are strong. (Str +2) [potion of mutation]
   160 | D        | Gained mutation: Your muscles are very strong. (Str +4) [potion of mutation]
   161 | D        | Lost mutation: Your muscles are very strong. (Str +4) [potion of mutation]
   161 | D        | Gained mutation: Your spells are a little harder to cast, but a little more powerful. [potion of mutation]
   161 | D        | Gained mutation: Your flesh is heat resistant. [potion of mutation]
   187 | D        | Noticed a water elemental
   189 | D        | Killed a water elemental
   189 | D        | Reached skill level 8 in Stealth
   189 | D        | Reached skill level 1 in Conjurations
   189 | D        | Reached skill level 5 in Hexes
   189 | D        | Reached XP level 5. HP: 24/24 MP: 12/14
   200 | D        | Killed a white draconian scorcher
   201 | D        | Killed a white draconian scorcher
   207 | D        | Noticed a jelly
   208 | D        | Noticed a shadow
   210 | D        | Killed a shadow
   210 | D        | Reached skill level 9 in Dodging
   210 | D        | Reached skill level 10 in Stealth
   210 | D        | Reached XP level 6. HP: 28/28 MP: 15/17
   212 | D        | Killed a jelly
   240 | D        | Found a stormy altar of Qazlal.
   241 | D        | Found a sacrificial altar of Ru.
   241 | D        | Found a burning altar of Makhleb.
   241 | D        | Found a viscous altar of Jiyva.
   241 | D        | Found a shimmering altar of Xom.
   241 | D        | Found a shadowy altar of Dithmenos.
   241 | D        | Found a sparkling altar of Nemelex Xobeh.
   241 | D        | Found a corrupted altar of Lugonu.
   241 | D        | Found an opulent altar of Gozag.
   241 | D        | Noticed a spatial vortex
   245 | D        | Became a worshipper of Dithmenos the Shadowed
   312 | D        | Killed a yaktaur
   344 | D        | Killed a six-headed hydra
   370 | D        | Killed a yaktaur
   456 | D        | Killed a yaktaur
   520 | D        | Killed a spatial vortex
   520 | D        | Reached skill level 5 in Short Blades
   520 | D        | Reached skill level 11 in Stealth
   520 | D        | Reached skill level 1 in Invocations
   596 | D        | Killed a fire drake
   676 | D        | Found a radiant altar of Vehumet.
   676 | D        | Found a deep blue altar of Sif Muna.
   676 | D        | Found an ancient bone altar of Kikubaaqudgha.
   676 | D        | Noticed a wizard
   678 | D        | Killed a wizard
   678 | D        | Reached skill level 10 in Dodging
   704 | D        | Found a glowing silver altar of Zin.
   705 | D        | Found a glowing golden altar of the Shining One.
   705 | D        | Found a white marble altar of Elyvilon.
   705 | D        | Noticed a deep elf priest
   707 | D        | Killed a deep elf priest
   707 | D        | Reached XP level 7. HP: 32/32 MP: 18/20
   722 | D        | Found an iron altar of Okawaru.
   723 | D        | Found a bloodstained altar of Trog.
   723 | D        | Noticed a human
   723 | D        | Noticed a human
   728 | D        | Killed a human
   728 | D        | Reached skill level 12 in Stealth
   735 | D        | Killed a human
   753 | D        | Learned a level 7 spell: Controlled Blink
   794 | D        | Found a snail-covered altar of Cheibriados.
   794 | D        | Noticed a necrophage
   795 | D        | Found a basalt altar of Yredelemnul.
   795 | D        | Found a blossoming altar of Fedhas.
   795 | D        | Noticed a necromancer
   796 | D        | Killed a necrophage
   796 | D        | Acquired Dithmenos's first power
   797 | D        | Killed a necromancer
   797 | D        | Reached XP level 8. HP: 36/36 MP: 22/22
   824 | D        | Noticed a two-headed ogre
   824 | D        | Noticed a two-headed ogre
   828 | D        | Killed a two-headed ogre
   830 | D        | Killed a two-headed ogre
   830 | D        | Acquired Dithmenos's second power
   830 | D        | Reached skill level 10 in Spellcasting
   833 | D        | Noticed a two-headed ogre
   834 | D        | Killed a two-headed ogre
   840 | D        | Noticed a hill giant
   843 | D        | Killed a hill giant
   843 | D        | Reached skill level 13 in Stealth
   849 | D        | Noticed a hill giant
   849 | D        | Noticed Erolcha
   851 | D        | Killed Erolcha
   851 | D        | Reached skill level 14 in Stealth
   851 | D        | Reached XP level 9. HP: 39/39 MP: 23/25
   852 | D        | Killed a hill giant
   852 | D        | Reached skill level 5 in Ice Magic
   870 | D        | Noticed a redback
   874 | D        | Noticed a trapdoor spider
  1154 | D        | Killed a redback
  1154 | D        | Acquired Dithmenos's third power
  1154 | D        | Reached skill level 1 in Translocations
  1168 | D        | Killed a trapdoor spider
  1188 | D        | Learned a level 7 spell: Malign Gateway
  1189 | D        | Noticed a trapdoor spider
  1191 | D        | Killed a trapdoor spider
  1305 | D        | Noticed a killer bee
  1305 | D        | Noticed a killer bee
  1305 | D        | Noticed a killer bee
  1305 | D        | Noticed a killer bee
  1305 | D        | Noticed a killer bee
  1305 | D        | Noticed a killer bee
  1305 | D        | Noticed a killer bee
  1305 | D        | Noticed a killer bee
  1305 | D        | Noticed a killer bee
  1305 | D        | Noticed a queen bee
  1305 | D        | Noticed a killer bee
  1305 | D        | Noticed a killer bee
  1305 | D        | Noticed a killer bee
  1305 | D        | Noticed a killer bee
  1305 | D        | Noticed a killer bee
  1306 | D        | Noticed a killer bee
  1306 | D        | Noticed a killer bee
  1306 | D        | Noticed a killer bee
  1306 | D        | Noticed a killer bee
  1306 | D        | Noticed a killer bee
  1306 | D        | Noticed a killer bee
  1306 | D        | Noticed a killer bee
  1306 | D        | Noticed a killer bee
  1306 | D        | Noticed a killer bee
  1306 | D        | Noticed a killer bee
  1306 | D        | Noticed a killer bee
  1306 | D        | Noticed a killer bee
  1306 | D        | Noticed a killer bee
  1306 | D        | Noticed a killer bee
  1306 | D        | Noticed a killer bee
  1306 | D        | Noticed a killer bee
  1306 | D        | Noticed a killer bee
  1306 | D        | Noticed a killer bee
  1309 | D        | Killed a killer bee
  1311 | D        | Killed a killer bee
  1313 | D        | Killed a killer bee
  1313 | D        | Acquired Dithmenos's fourth power
  1315 | D        | Killed a killer bee
  1317 | D        | Killed a killer bee
  1317 | D        | Reached skill level 1 in Summonings
  1319 | D        | Killed a killer bee
  1321 | D        | Killed a killer bee
  1323 | D        | Killed a killer bee
  1325 | D        | Killed a killer bee
  1327 | D        | Killed a killer bee
  1331 | D        | Killed a killer bee
  1331 | D        | Reached skill level 15 in Stealth
  1333 | D        | Killed a killer bee
  1470 | D        | Killed a killer bee
  1472 | D        | Killed a killer bee
  1474 | D        | Killed a killer bee
  1476 | D        | Killed a killer bee
  1478 | D        | Killed a killer bee
  1480 | D        | Killed a killer bee
  1482 | D        | Killed a killer bee
  1484 | D        | Killed a killer bee
  1486 | D        | Killed a killer bee
  1490 | D        | Killed a killer bee
  1492 | D        | Killed a killer bee
  1625 | D        | Killed a killer bee
  1628 | D        | Killed a killer bee
  1630 | D        | Killed a killer bee
  1632 | D        | Killed a killer bee
  1632 | D        | Reached XP level 10. HP: 44/44 MP: 13/27
  1636 | D        | Killed a killer bee
  1636 | D        | Reached skill level 5 in Conjurations
  1638 | D        | Killed a killer bee
  1643 | D        | Killed a killer bee
  1645 | D        | Killed a killer bee
  1781 | D        | Killed a killer bee
  1786 | D        | Killed a queen bee
  1899 | D        | Noticed a wandering mushroom
  1900 | D        | Noticed a wandering mushroom
  1900 | D        | Noticed a wandering mushroom
  1902 | D        | Killed a wandering mushroom
  1902 | D        | Reached skill level 5 in Translocations
  1907 | D        | Killed a wandering mushroom
  1907 | D        | Reached skill level 16 in Stealth
  1910 | D        | Killed a wandering mushroom
  1920 | D        | Learned a level 8 spell: Disjunction
  1970 | D        | Noticed a spiny frog
  1970 | D        | Noticed a komodo dragon
  1970 | D        | Noticed a spiny frog
  1975 | D        | Killed a spiny frog
  1975 | D        | Reached skill level 15 in Dodging
  1977 | D        | Killed a spiny frog
  1981 | D        | Killed a komodo dragon
  2028 | D        | Noticed a redback
  2030 | D        | Killed a redback
  2031 | D        | Noticed a brain worm
  2035 | D        | Killed a brain worm
  2040 | D        | Noticed a brain worm
  2042 | D        | Killed a brain worm
  2048 | D        | Noticed a lindwurm
  2051 | D        | Killed a lindwurm
  2051 | D        | Reached skill level 10 in Hexes
  2052 | D        | Noticed a redback
  2055 | D        | Killed a redback
  2059 | D        | Noticed a redback
  2060 | D        | Killed a redback
  2063 | D        | Noticed Maud
  2065 | D        | Killed Maud
  2065 | D        | Reached skill level 17 in Stealth
  2065 | D        | Reached XP level 11. HP: 47/47 MP: 29/29
  2069 | D        | Noticed an electric eel
  2070 | D        | Noticed a five-headed hydra
  2070 | D        | Noticed a five-headed hydra
  2072 | D        | Killed an electric eel
  2082 | D        | Killed a five-headed hydra
  2088 | D        | Killed a five-headed hydra
  2172 | D        | Noticed a death drake
  2175 | D        | Killed a death drake
  2182 | D        | Found a blossoming altar of Fedhas.
  2182 | D        | Noticed a spriggan
  2182 | D        | Noticed a spriggan druid
  2182 | D        | Noticed a spriggan
  2184 | D        | Killed a spriggan druid
  2184 | D        | Reached skill level 18 in Stealth
  2185 | D        | Killed a spriggan
  2186 | D        | Killed a spriggan
  2210 | D        | Noticed Polyphemus
  2211 | D        | Noticed Ilsuiw
  2256 | D        | Hit by a large rock thrown by Polyphemus

Vault maps used:
D:        dungeon_sprint_mu

Action                   |  1- 3 |  4- 6 |  7- 9 | 10-12 || total
-------------------------+-------+-------+-------+-------++-------
Melee: Dagger            |    14 |    12 |    50 |    28 ||   104
 Cast: Ensorcelled Hiber |     1 |     1 |    34 |    18 ||    54
       Corona            |     1 |       |       |       ||     1
       Dazzling Spray    |       |     6 |     3 |    10 ||    19
       Confuse           |       |       |     1 |       ||     1
Invok: Shadow Step       |       |       |     2 |     6 ||     8
  Use: Scroll            |       |     4 |     1 |       ||     5
       Potion            |       |     2 |       |       ||     2
 Stab: Sleeping          |     4 |     6 |    37 |    22 ||    69
       Confused          |       |       |     2 |       ||     2
       Invisible         |       |       |       |     1 ||     1
